 Dungeon Crawl Stone Soup version 0.26-a0-651-gb41185065b (webtiles) character file.

Game seed: 13408869957082620357

4718 Irenicus the Basher (level 10, -4/65 HPs)
             Began as a Gnoll Chaos Knight on Oct 28, 2020.
             Was a Plaything of Xom.
             Slain by a two-headed ogre
             ... wielding a +0 giant club
              (15 damage)
             ... on level 9 of the Dungeon.
             The game lasted 00:24:49 (6042 turns).

Irenicus the Basher (Gnoll Chaos Knight)            Turns: 6042, Time: 00:24:50

Health: -4/65      AC: 10    Str: 15      XL:     10   Next: 45%
Magic:  26/26      EV: 17    Int: 15      God:    Xom [....*.]
Gold:   300        SH:  0    Dex: 20 (21) Spells: 15/19 levels left

rFire    + . .     SeeInvis .   a - +4 mace (chaos)
rCold    . . .     Faith    .   (no shield)
rNeg     . . .     Spirit   .   E - +0 steam dragon scales
rPois    +         Reflect  .   x - +0 helmet of the Ego {Dex+6}
rElec    .         Harm     .   m - +1 cloak {rPois}
rCorr    .         Rampage  .   (no gloves)
MR       .....                  (no boots)
Stlth    ++++......             (no amulet)
HPRegen  0.20/turn              t - ring of magical power {MP+9}
MPRegen  0.20/turn              q - ring of stealth {Stlth+}

@: no status effects
A: distributed training, fangs 1, blurry vision 1, clumsy 1, deterioration 1,
fire resistance 1, frail 2, screaming 1, strong nose
a: Renounce Religion


You were on level 9 of the Dungeon.
You worshipped Xom.
You were a beloved toy of Xom.
You visited 1 branch of the dungeon, and saw 9 of its levels.
You also visited: Sewer.

You collected 300 gold pieces.

Inventory:

Hand Weapons
 a - a +4 mace of chaos (weapon)
 h - a +1 whip of venom
   (You took it off a kobold on level 1 of the Dungeon)
 u - a +1 flail of holy wrath
   (You took it off an orc on level 4 of the Dungeon)
Missiles
 j - a throwing net {=f, !d}
 z - 43 stones (quivered)
 C - 2 curare-tipped darts
Armour
 m - a +1 cloak of poison resistance (worn)
   (You found it on level 2 of the Dungeon)
 o - a cursed +0 ring mail
   (You found it on level 8 of the Dungeon)
 x - the +0 helmet of the Ego (worn) {Dex+6}
   (You found it on level 4 of the Dungeon)

   It affects your dexterity (+6).
 E - +0 steam dragon scales (worn)
   (You took it off Maggie on level 5 of the Dungeon)
Jewellery
 q - a ring of stealth (right hand) {Stlth+}
   (You found it on level 9 of the Dungeon)
 t - a ring of magical power (left hand) {MP+9}
   (You found it on level 3 of the Dungeon)
Wands
 b - a wand of flame (8)
   (You took it off Eustachio on level 6 of the Dungeon)
 s - a wand of polymorph (7)
   (You took it off an orc on level 3 of the Dungeon)
 w - a wand of iceblast (12)
   (You found it on level 4 of the Dungeon)
Scrolls
 e - 2 scrolls of random uselessness {unknown}
 f - 4 scrolls of teleportation
 i - 2 scrolls of remove curse {unknown}
 l - 5 scrolls of identify {unknown}
 v - a scroll of magic mapping {unknown}
 y - a scroll of fog {unknown}
 A - a scroll of silence {unknown}
 B - 3 scrolls of amnesia {unknown}
 F - 2 scrolls of summoning {unknown}
 G - 4 scrolls of fear {unknown}
 H - a scroll of immolation {unknown}
 I - 2 scrolls of enchant armour {unknown}
Potions
 c - 3 potions of might {unknown}
 d - 9 potions of curing
 g - a potion of resistance {unknown}
 k - 4 potions of stabbing
 n - a potion of haste
 p - 4 potions of flight
 r - 3 potions of heal wounds
 D - 2 potions of brilliance {unknown}
 J - a potion of lignification {unknown}


   Skills:
 + Level 8.5 Fighting
 + Level 5.3 Short Blades
 + Level 5.3 Long Blades
 + Level 5.3 Axes
 + Level 8.5 Maces & Flails
 + Level 5.3 Polearms
 + Level 5.3 Staves
 + Level 5.3 Slings
 + Level 5.3 Bows
 + Level 5.3 Crossbows
 + Level 5.3 Throwing
 + Level 7.1 Armour
 + Level 6.0 Dodging
 + Level 5.3 Stealth
 + Level 5.3 Shields
 + Level 5.3 Unarmed Combat
 + Level 5.3 Spellcasting
 + Level 4.3 Conjurations
 + Level 4.3 Hexes
 + Level 4.3 Summonings
 + Level 4.3 Necromancy
 + Level 4.3 Translocations
 + Level 4.3 Transmutations
 + Level 4.3 Fire Magic
 + Level 4.3 Ice Magic
 + Level 4.3 Air Magic
 + Level 4.3 Earth Magic
 + Level 4.3 Poison Magic
 + Level 5.8 Invocations
 + Level 5.3 Evocations


You had 15 spell levels left.
You knew the following spells:

 Your Spells              Type           Power        Failure   Level
a - Summon Small Mammal   Summ           ###.         2%          1
g - Apportation           Tloc           ###...       2%          1
v - Corona                Hex            ###....      2%          1
A - Animate Skeleton      Necr           ###...       2%          1

Your spell library contained the following spells:

 Spells                   Type           Power        Failure   Level
 Magic Dart               Conj           ###.         2%          1
 Searing Ray              Conj           ###...       4%          2
 Dazzling Flash           Conj/Hex       ###...       8%          3
 Fulminant Prism          Conj/Hex       ###.......   26%         4
 Iskenderun's Mystic Bla  Conj/Tloc      ###.....     26%         4


Dungeon Overview and Level Annotations

Branches:
Dungeon (9/15)             Temple (0/1) D:4           Sewer (visited)
   Lair: D:8-11         Orc: D:9-12

Altars:
Dithmenos
Gozag
Hepliaklqana
Xom

Shops:
D:7 (   D:8 [


Innate Abilities, Weirdness & Mutations

Your experience applies equally to all skills.
You have very sharp teeth.
Your uncanny sense of smell can sniff out nearby items.
Scrolls take you a little longer to read.
You are clumsy. (Dex -2)
Your body sometimes deteriorates upon taking damage.
Your flesh is heat resistant. (rF+)
You are very frail. (-20% HP)
You occasionally shout uncontrollably at your foes.


Message History

You feel less stealthy.
Found a stone staircase leading down.
Found a stone staircase leading down.
J - a golden potion
There is a stone staircase leading down here.
You now have 300 gold pieces (gained 17).
I - 2 scrolls labeled GOLEXOI KUESIW (gained 1)
A porcupine and a worker ant come into view.
A scorpion comes into view.
You bark at the scorpion!
The worker ant twitches its antennae in your direction.
A porcupine comes into view.
You barely miss the porcupine. The porcupine closely misses you.
You are struck by the porcupine's spines.
You hit the porcupine but do no damage. The porcupine bites you!
You take 17 damage, and have 48/65 hp.
MASSIVE DAMAGE!!
You sock the porcupine! You drain the porcupine.
The porcupine is almost dead.
The porcupine misses you.
The worker ant bites you but does no damage.
You miss the porcupine.
The porcupine is almost dead.
The porcupine bites you but does no damage.
The scorpion stings the fungus!
The fungus begins to die.
You are struck by the porcupine's spines.
You hit the porcupine. You freeze the porcupine.
You kill the porcupine!
You sock the worker ant! You drain the worker ant.
You punch the worker ant, but do no damage.
The worker ant is almost dead.
The worker ant completely misses you.
The scorpion stings something.
You thump the worker ant!
You kill the worker ant!
A nearby fungus withers and dies.
You are struck by the porcupine's spines.
You sock the porcupine!
The porcupine suddenly seems more agile.
The porcupine is heavily wounded.
The porcupine completely misses you. The porcupine closely misses you.
You take 7 damage, and have 41/65 hp.
You are struck by the porcupine's spines.
You miss the porcupine.
The porcupine is heavily wounded.
The porcupine bites you!
You take 16 damage, and have 25/65 hp.
MASSIVE DAMAGE!!
You closely miss the porcupine.
The porcupine is heavily wounded.
The porcupine completely misses you.
You are struck by the porcupine's spines.
* * * LOW HITPOINT WARNING * * *
You sock the porcupine! You burn the porcupine.
You kill the porcupine!
You take 16 damage, and have 10/65 hp.
MASSIVE DAMAGE!!
You hit the scorpion but do no damage.
The scorpion is poisoned.
You punch the scorpion.
You bite the scorpion, but do no damage.
The scorpion is lightly wounded.
The scorpion completely misses you.
You completely miss the scorpion.
The scorpion is moderately wounded. "See what I see, my child!"
You detect creatures!
The scorpion barely misses you.
A two-headed ogre comes into view. It is wielding two +0 giant clubs.
You kill the scorpion!
Your Dodging skill increases to level 6!
Evoke which item? (* to show all) (? for menu, Esc to quit)
Okay, then. "Serve the toy, my child!"
What are your orders? t - Bark!
Orders for allies: a - Attack new target. r - Retreat! s - Stop attacking. g - Guard the area. f - Follow me.
Anything else - Cancel.
Gang up on whom?
Press: ? - help, Dir - move target cursor, f - two-headed ogre
Aim: a two-headed ogre, wielding two +0 giant clubs Attack!
Your white imp gestures at the two-headed ogre.
The puff of frost hits the two-headed ogre!
The two-headed ogre hits your white imp with a +0 giant club!
Your white imp dies!
You hear Xom's avuncular chuckle.
The two-headed ogre is moving more slowly.
You see here a scroll labeled EXAWEG VOAPONI.
e - 2 scrolls labeled EXAWEG VOAPONI (gained 1)
A bullfrog skeleton comes into view.
Found a stone staircase leading up.
The two-headed ogre is no longer petrified.
You completely miss the two-headed ogre.
You bite the two-headed ogre.
The two-headed ogre is lightly wounded.
The two-headed ogre hits you with a +0 giant club!
* * * LOW HITPOINT WARNING * * *
Your body deteriorates!
You feel clumsy. The two-headed ogre closely misses you.
You take 8 damage, and have 9/65 hp.
The two-headed ogre hits you with a +0 giant club!
You die...
Xom thinks this is hilarious!

#.# #.# #.# #.#
#.# #.#######.
#.# #.........
#.# #.#######.
#.# #.# #.# #.#
########.#####.#
......<@OZ.....#
#######.######.#
#.# #...∆ #.#
#.### H #.# #.#
#.# #.# #.# #.#
#.# #.#


You could see a two-headed ogre and a bullfrog skeleton.

Vanquished Creatures
  Harold (D:8)
  A two-headed ogre (shapeshifter) (D:8)
  Maggie (D:5)
  A hornet (D:8)
  A hippogriff (D:7)
  Eustachio (D:6)
  2 porcupines (D:9)
  A black bear (D:8)
  3 orc warriors
  An ice beast (D:3)
  A sky beast (D:8)
  3 ogres
  A phantom (D:8)
  A bullfrog (D:7)
  A water moccasin zombie (D:5)
  A wyvern skeleton (D:8)
  2 scorpions
  A howler monkey (D:5)
  2 quasits (D:7)
  A centaur zombie (D:9)
  4 jellies
  6 hounds
  An orc priest (D:6)
  5 orc wizards
  A bullfrog skeleton (D:8)
  2 centaur skeletons (D:4)
  Natasha (twice) (D:2)
  2 iguanas
  6 worker ants
  2 worker ant zombies
  8 adders
  10 river rats (Sewer)
  5 shadow imps
  3 white imps
  2 ufetubi (D:7)
  3 oozes
  3 worms (D:3)
  2 dart slugs
  7 leopard geckos
  28 orcs
  4 bats
  5 giant cockroaches
  11 goblins
  A hobgoblin (D:1)
  14 jackals
  2 quokkas
  6 ball pythons
  5 frilled lizards
  22 kobolds
  A leopard gecko skeleton (D:6)
  17 rats
217 creatures vanquished.

Vanquished Creatures (collateral kills)
  2 worms (D:5)
  A jackal (D:8)
3 creatures vanquished.

Vanquished Creatures (others)
  An ogre (D:8)
  A bullfrog (D:8)
  An orc priest (D:8)
  A fungus (D:9)
  2 plants (D:9)
6 creatures vanquished.

Grand Total: 226 creatures vanquished

Notes
Turn   | Place    | Note
-------+----------+-------------------------------------------
     0 | D:1      | Irenicus the Gnoll Chaos Knight began the quest for the
                  | Orb.
     0 | D:1      | Reached XP level 1. HP: 23/23 MP: 1/1
     3 | D:1      | XOM: silly message
   108 | D:1      | Reached XP level 2. HP: 24/29 MP: 2/2
   227 | D:1      | XOM: divination: detect items
   476 | D:1      | XOM: noise
   578 | D:1      | Reached XP level 3. HP: 24/35 MP: 3/3
   640 | D:2      | XOM: stealth player
   644 | D:2      | Noticed Natasha
   649 | D:2      | Killed Natasha
   649 | D:2      | Reached skill level 1 in Short Blades
   649 | D:2      | Reached skill level 1 in Long Blades
   649 | D:2      | Reached skill level 1 in Axes
   649 | D:2      | Reached skill level 1 in Polearms
   649 | D:2      | Reached skill level 1 in Staves
   649 | D:2      | Reached skill level 1 in Slings
   649 | D:2      | Reached skill level 1 in Bows
   649 | D:2      | Reached skill level 1 in Crossbows
   649 | D:2      | Reached skill level 1 in Throwing
   649 | D:2      | Reached skill level 1 in Stealth
   649 | D:2      | Reached skill level 1 in Shields
   649 | D:2      | Reached skill level 1 in Unarmed Combat
   649 | D:2      | Reached skill level 1 in Spellcasting
   649 | D:2      | Reached skill level 1 in Invocations
   649 | D:2      | Reached skill level 1 in Evocations
   744 | D:2      | Reached XP level 4. HP: 41/41 MP: 5/5
   866 | D:2      | Noticed Natasha
   877 | D:2      | Killed Natasha
   877 | D:2      | Reached skill level 1 in Conjurations
   877 | D:2      | Reached skill level 1 in Hexes
   877 | D:2      | Reached skill level 1 in Summonings
   877 | D:2      | Reached skill level 1 in Necromancy
   877 | D:2      | Reached skill level 1 in Translocations
   877 | D:2      | Reached skill level 1 in Transmutations
   877 | D:2      | Reached skill level 1 in Fire Magic
   877 | D:2      | Reached skill level 1 in Ice Magic
   877 | D:2      | Reached skill level 1 in Air Magic
   877 | D:2      | Reached skill level 1 in Earth Magic
   877 | D:2      | Reached skill level 1 in Poison Magic
  1076 | D:2      | Found a shadowy altar of Dithmenos.
  1190 | D:3      | Reached XP level 5. HP: 39/47 MP: 6/6
  1268 | D:3      | Found an opulent altar of Gozag.
  1297 | D:3      | Noticed an ice beast
  1297 | D:3      | a worm changed into an ice beast
  1299 | D:3      | HP: 9/47 [ice beast (12)]
  1314 | D:3      | XOM: potion effect (invisibility)
  1329 | D:3      | Killed an ice beast
  1329 | D:3      | Reached skill level 3 in Dodging
  1329 | D:3      | Reached skill level 2 in Invocations
  1329 | D:3      | Reached XP level 6. HP: 14/53 MP: 8/8
  1527 | D:3      | XOM: silly message
  1682 | D:4      | XOM: potion effect (curing)
  1686 | D:4      | XOM: enchant monster (bad)
  1693 | D:4      | Reached skill level 5 in Armour
  1695 | D:4      | Reached skill level 2 in Short Blades
  1695 | D:4      | Reached skill level 2 in Long Blades
  1695 | D:4      | Reached skill level 2 in Axes
  1695 | D:4      | Reached skill level 2 in Polearms
  1695 | D:4      | Reached skill level 2 in Staves
  1695 | D:4      | Reached skill level 2 in Slings
  1695 | D:4      | Reached skill level 2 in Bows
  1695 | D:4      | Reached skill level 2 in Crossbows
  1695 | D:4      | Reached skill level 2 in Throwing
  1695 | D:4      | Reached skill level 2 in Stealth
  1695 | D:4      | Reached skill level 2 in Shields
  1695 | D:4      | Reached skill level 2 in Unarmed Combat
  1695 | D:4      | Reached skill level 2 in Spellcasting
  1695 | D:4      | Reached skill level 2 in Evocations
  1701 | D:4      | Found a staircase to the Ecumenical Temple.
  1724 | D:4      | XOM: confuse monster(s)
  1753 | D:4      | HP: 11/53 [orc/+0 mace (4)]
  1910 | D:4      | XOM: noise
  1999 | D:4      | Reached XP level 7. HP: 45/59 MP: 10/10
  2058 | D:4      | Got a shimmering helmet
  2082 | D:4      | Identified the +0 helmet of the Ego {Dex+6} (You found it
                  | on level 4 of the Dungeon)
  2285 | D:5      | Entered Level 5 of the Dungeon
  2307 | D:5      | XOM: god gift: 19 stones
  2352 | D:5      | XOM: noise
  2359 | D:5      | XOM: smoke on damage
  2458 | D:5      | Reached skill level 7 in Fighting
  2458 | D:5      | Reached skill level 7 in Maces & Flails
  2562 | D:5      | Reached skill level 2 in Conjurations
  2562 | D:5      | Reached skill level 2 in Hexes
  2562 | D:5      | Reached skill level 2 in Summonings
  2562 | D:5      | Reached skill level 2 in Necromancy
  2562 | D:5      | Reached skill level 2 in Translocations
  2562 | D:5      | Reached skill level 2 in Transmutations
  2562 | D:5      | Reached skill level 2 in Fire Magic
  2562 | D:5      | Reached skill level 2 in Ice Magic
  2562 | D:5      | Reached skill level 2 in Air Magic
  2562 | D:5      | Reached skill level 2 in Earth Magic
  2562 | D:5      | Reached skill level 2 in Poison Magic
  2629 | D:5      | Found a glowing drain.
  2641 | D:5      | XOM: cast spell 'Monstrous Menagerie'
  2654 | Sewer    | Entered a sewer
  3279 | D:5      | Learned a level 1 spell: Corona
  3281 | D:5      | Learned a level 1 spell: Animate Skeleton
  3283 | D:5      | Learned a level 1 spell: Summon Small Mammal
  3285 | D:5      | Learned a level 1 spell: Apportation
  3319 | D:5      | Reached skill level 3 in Invocations
  3418 | D:6      | Noticed Maggie
  3428 | D:6      | XOM: potion effect (invisibility)
  3429 | D:6      | XOM: chaos upgrade
  3433 | D:6      | HP: 7/60 [orc priest/divine providence (16)]
  3434 | D:6      | HP: 2/60 [hound (5)]
  3440 | D:5      | Killed Maggie
  3440 | D:5      | Reached skill level 3 in Short Blades
  3440 | D:5      | Reached skill level 3 in Long Blades
  3440 | D:5      | Reached skill level 3 in Axes
  3440 | D:5      | Reached skill level 3 in Polearms
  3440 | D:5      | Reached skill level 3 in Staves
  3440 | D:5      | Reached skill level 3 in Slings
  3440 | D:5      | Reached skill level 3 in Bows
  3440 | D:5      | Reached skill level 3 in Crossbows
  3440 | D:5      | Reached skill level 3 in Throwing
  3440 | D:5      | Reached skill level 4 in Dodging
  3440 | D:5      | Reached skill level 3 in Stealth
  3440 | D:5      | Reached skill level 3 in Shields
  3440 | D:5      | Reached skill level 3 in Unarmed Combat
  3440 | D:5      | Reached skill level 3 in Spellcasting
  3440 | D:5      | Reached skill level 3 in Evocations
  3440 | D:5      | Reached XP level 8. HP: 25/67 MP: 12/12
  3446 | D:5      | XOM: summons 2 hostile demons
  3448 | D:5      | XOM: silly message
  3497 | D:6      | XOM: noise
  3502 | D:5      | HP: 15/67 [acid (4)]
  3516 | D:5      | XOM: confusion (+ monsters)
  3599 | D:5      | XOM: scenery: summon butterflies
  3690 | D:6      | Found a hazy altar of Hepliaklqana.
  3739 | D:6      | Noticed Eustachio
  3757 | D:6      | XOM: polymorph river rat -> goblin
  3774 | D:6      | Killed Eustachio
  3848 | D:6      | XOM: give mutations
  3848 | D:6      | Gained mutation: Your body sometimes deteriorates upon
                  | taking damage. [Xom's mischief]
  3848 | D:6      | Gained mutation: You tend to lose your temper in combat.
                  | [Xom's mischief]
  3848 | D:6      | Gained mutation: You are frail. (-10% HP) [Xom's mischief]
  3848 | D:6      | Gained mutation: Your body often deteriorates upon taking
                  | damage. [Xom's mischief]
  3895 | D:6      | XOM: 2-stop teleportation journey
  4111 | D:7      | Reached skill level 3 in Conjurations
  4111 | D:7      | Reached skill level 3 in Hexes
  4111 | D:7      | Reached skill level 3 in Summonings
  4111 | D:7      | Reached skill level 3 in Necromancy
  4111 | D:7      | Reached skill level 3 in Translocations
  4111 | D:7      | Reached skill level 3 in Transmutations
  4111 | D:7      | Reached skill level 3 in Fire Magic
  4111 | D:7      | Reached skill level 3 in Ice Magic
  4111 | D:7      | Reached skill level 3 in Air Magic
  4111 | D:7      | Reached skill level 3 in Earth Magic
  4111 | D:7      | Reached skill level 3 in Poison Magic
  4111 | D:7      | Reached skill level 4 in Invocations
  4126 | D:7      | Found Bex Meci's Weapon Emporium.
  4127 | D:7      | XOM: confuse monster(s)
  4132 | D:7      | Reached skill level 6 in Armour
  4147 | D:7      | XOM: divination: magic mapping
  4202 | D:7      | Reached XP level 9. HP: 64/64 MP: 14/14
  4348 | D:7      | XOM: 9-stop teleportation journey
  4422 | D:7      | Reached skill level 4 in Short Blades
  4422 | D:7      | Reached skill level 4 in Long Blades
  4422 | D:7      | Reached skill level 4 in Axes
  4422 | D:7      | Reached skill level 4 in Polearms
  4422 | D:7      | Reached skill level 4 in Staves
  4422 | D:7      | Reached skill level 4 in Slings
  4422 | D:7      | Reached skill level 4 in Bows
  4422 | D:7      | Reached skill level 4 in Crossbows
  4422 | D:7      | Reached skill level 4 in Throwing
  4422 | D:7      | Reached skill level 4 in Stealth
  4422 | D:7      | Reached skill level 4 in Shields
  4422 | D:7      | Reached skill level 4 in Unarmed Combat
  4422 | D:7      | Reached skill level 4 in Spellcasting
  4422 | D:7      | Reached skill level 4 in Evocations
  4551 | D:7      | XOM: give mutations
  4551 | D:7      | Gained mutation: Scrolls take you a little longer to read.
                  | [Xom's mischief]
  4551 | D:7      | Gained mutation: Your flesh is heat resistant. (rF+) [Xom's
                  | mischief]
  4551 | D:7      | Lost mutation: Your body often deteriorates upon taking
                  | damage. [Xom's mischief]
  4679 | D:7      | HP: 13/66 [something (4)]
  4686 | D:7      | Reached skill level 5 in Dodging
  4722 | D:8      | Noticed a hornet
  4727 | D:8      | HP: 8/66 [something (12)]
  5017 | D:8      | XOM: blink monster(s)
  5127 | D:8      | Reached skill level 8 in Fighting
  5127 | D:8      | Reached skill level 8 in Maces & Flails
  5162 | D:8      | Found a shimmering altar of Xom.
  5178 | D:8      | Noticed Harold
  5186 | D:8      | XOM: confuse monster(s)
  5187 | D:8      | XOM: give mutations
  5187 | D:8      | Gained mutation: You are dopey. (Int -2) [Xom's mischief]
  5187 | D:8      | Lost mutation: You are dopey. (Int -2) [Xom's mischief]
  5187 | D:8      | Gained mutation: You occasionally shout uncontrollably at
                  | your foes. [Xom's mischief]
  5202 | D:8      | HP: 15/66 [Harold/cursed -3 battleaxe (7)]
  5207 | D:8      | HP: 11/66 [Harold/cursed -3 battleaxe (22)]
  5207 | D:8      | XOM: butterfly on damage
  5212 | D:8      | Killed Harold
  5212 | D:8      | Reached skill level 4 in Conjurations
  5212 | D:8      | Reached skill level 4 in Hexes
  5212 | D:8      | Reached skill level 4 in Summonings
  5212 | D:8      | Reached skill level 4 in Necromancy
  5212 | D:8      | Reached skill level 4 in Translocations
  5212 | D:8      | Reached skill level 4 in Transmutations
  5212 | D:8      | Reached skill level 4 in Fire Magic
  5212 | D:8      | Reached skill level 4 in Ice Magic
  5212 | D:8      | Reached skill level 4 in Air Magic
  5212 | D:8      | Reached skill level 4 in Earth Magic
  5212 | D:8      | Reached skill level 4 in Poison Magic
  5212 | D:8      | Reached skill level 5 in Invocations
  5212 | D:8      | Reached XP level 10. HP: 13/72 MP: 17/17
  5217 | D:8      | XOM: summons 8 friendly demons
  5234 | D:8      | XOM: summons 2 friendly demons
  5239 | D:8      | XOM: cleaving
  5245 | D:8      | XOM: polymorph ufetubus -> shadow imp
  5264 | D:8      | Reached skill level 5 in Short Blades
  5264 | D:8      | Reached skill level 5 in Long Blades
  5264 | D:8      | Reached skill level 5 in Axes
  5264 | D:8      | Reached skill level 5 in Polearms
  5264 | D:8      | Reached skill level 5 in Staves
  5264 | D:8      | Reached skill level 5 in Slings
  5264 | D:8      | Reached skill level 5 in Bows
  5264 | D:8      | Reached skill level 5 in Crossbows
  5264 | D:8      | Reached skill level 5 in Throwing
  5264 | D:8      | Reached skill level 5 in Stealth
  5264 | D:8      | Reached skill level 5 in Shields
  5264 | D:8      | Reached skill level 5 in Unarmed Combat
  5264 | D:8      | Reached skill level 5 in Spellcasting
  5264 | D:8      | Reached skill level 5 in Evocations
  5283 | D:8      | XOM: give mutations
  5283 | D:8      | Gained mutation: You are very frail. (-20% HP) [Xom's
                  | mischief]
  5283 | D:8      | Gained mutation: You are clumsy. (Dex -2) [Xom's mischief]
  5283 | D:8      | Gained mutation: You are very clumsy. (Dex -4) [Xom's
                  | mischief]
  5283 | D:8      | Lost mutation: You are very clumsy. (Dex -4) [Xom's
                  | mischief]
  5334 | D:8      | Noticed a two-headed ogre
  5335 | D:8      | Noticed a glowing shapeshifter
  5335 | D:8      | a two-headed ogre changed into a glowing shapeshifter
  5336 | D:8      | a glowing shapeshifter changed into a swamp worm
  5464 | D:8      | Noticed a mana viper
  5511 | D:8      | Noticed a two-headed ogre
  5605 | D:8      | XOM: give mutation
  5605 | D:8      | Lost mutation: You tend to lose your temper in combat.
                  | [Xom's grace]
  5829 | D:8      | Noticed a harpy
  5829 | D:8      | a yak changed into a harpy
  5834 | D:8      | Noticed a two-headed ogre
  5834 | D:8      | a harpy changed into a two-headed ogre
  5835 | D:8      | XOM: summons friendly quasit
  5841 | D:8      | Killed a two-headed ogre
  5841 | D:8      | Reached skill level 7 in Armour
  5883 | D:8      | Found Suripn's Armour Emporium.
  5936 | D:9      | XOM: stealth player
  5999 | D:9      | HP: 10/65 [porcupine's spines (16)]
  6002 | D:9      | XOM: divination: detect creatures
  6003 | D:9      | Noticed a two-headed ogre
  6005 | D:9      | Reached skill level 6 in Dodging
  6010 | D:9      | XOM: summons friendly white imp
  6019 | D:9      | XOM: enchant monster (good)
  6034 | D:9      | HP: 9/65 [two-headed ogre/+0 giant club (8)]
  6042 | D:9      | Slain by a two-headed ogre

Illustrated notes

Levels and vault maps discovered:
D:1:      shiori_arrival_oz, layout_loops_ring, minmay_tromino_mix6
D:2:      layout_basic, nicolae_dithmenos_through_a_glass_darkly, uniq_natasha
D:3:      layout_rooms, grunt_gozag_statues, kennysheep_generic_room_16
D:4:      layout_rooms, minmay_temple_entry_enclosed_plants
D:5:      layout_basic, cheibrodos_sewer_entry_bend
D:6:      layout_rooms, marbit_many_paths, uniq_maggie, uniq_eustachio
D:7:      layout_loops_ring, serial_shops,
          nicolae_shop_competitors_out_of_business, minivault_23
D:8:      layout_basic, serial_shops, nicolae_shop_behind_doors,
          xom_confusion_cloud, uniq_harold
D:9:      layout_small_grid, overflow_temple_1_default,
          grunt_lair_entry_orc_guard_hut

Skill      XL: |  1  2  3  4  5  6  7  8  9 10 |
---------------+-------------------------------+-----
Short Blades   | 1 2 3 4 5 |  5.3
Long Blades    | 1 2 3 4 5 |  5.3
Axes           | 1 2 3 4 5 |  5.3
Polearms       | 1 2 3 4 5 |  5.3
Staves         | 1 2 3 4 5 |  5.3
Slings         | 1 2 3 4 5 |  5.3
Bows           | 1 2 3 4 5 |  5.3
Crossbows      | 1 2 3 4 5 |  5.3
Throwing       | 1 2 3 4 5 |  5.3
Stealth        | 1 2 3 4 5 |  5.3
Shields        | 1 2 3 4 5 |  5.3
Unarmed Combat | 1 2 3 4 5 |  5.3
Spellcasting   | 1 2 3 4 5 |  5.3
Invocations    | 1 2 3 4 5 |  5.8
Evocations     | 1 2 3 4 5 |  5.3
Conjurations   | 1 2 3 4 |  4.3
Hexes          | 1 2 3 4 |  4.3
Summonings     | 1 2 3 4 |  4.3
Necromancy     | 1 2 3 4 |  4.3
Translocations | 1 2 3 4 |  4.3
Transmutations | 1 2 3 4 |  4.3
Fire Magic     | 1 2 3 4 |  4.3
Ice Magic      | 1 2 3 4 |  4.3
Air Magic      | 1 2 3 4 |  4.3
Earth Magic    | 1 2 3 4 |  4.3
Poison Magic   | 1 2 3 4 |  4.3
Dodging        | 3 4 5 6 |  6.0
Armour         | 5 6 7 |  7.1
Fighting       | 7 8 |  8.5
Maces & Flails | 7 8 |  8.5

Action                   |  1- 3 |  4- 6 |  7- 9 | 10-12 || total
-------------------------+-------+-------+-------+-------++-------
Melee: Mace              |    60 |   131 |   436 |    59 ||   686
       Bite              |     8 |    17 |    79 |     9 ||   113
       Whip              |       |    21 |    50 |       ||    71
       Punch             |       |       |    14 |     3 ||    17
       Flail             |       |       |     1 |       ||     1
Throw: Throwing net      |       |     1 |       |       ||     1
       Stone             |       |       |     2 |       ||     2
 Cast: Corona            |       |       |    13 |       ||    13
       Summon Small Mamm |       |       |     2 |       ||     2
       Animate Skeleton  |       |       |     2 |       ||     2
Evoke: Wand              |       |       |    16 |    12 ||    28
  Use: Potion            |       |     1 |     8 |     1 ||    10
       Scroll            |       |       |     6 |     3 ||     9
 Stab: Sleeping          |     2 |     2 |    12 |     3 ||    19
       Distracted        |     1 |       |       |     1 ||     2
       Invisible         |       |     7 |     3 |     1 ||    11
       Held in net/web   |       |     1 |       |       ||     1
       Confused          |       |       |     1 |       ||     1
       Petrified         |       |       |     4 |       ||     4
       Paralysed         |       |       |     3 |     1 ||     4
       Petrifying        |       |       |     1 |       ||     1
Armor: Leather armour    |    15 |    58 |    94 |       ||   167
       Steam dragon scal |       |       |   121 |    10 ||   131
Dodge: Dodged            |    37 |   102 |   519 |    42 ||   700

Table legend: (Time is in decaauts)
 A = Elapsed time spent in this place.
 B = Non-inter-level travel time spent in this place.
 C = Inter-level travel time spent in this place.
 D = Time resting spent in this place.
 E = Time spent auto-exploring this place.
 F = Levels seen in this place.
 G = Mean time per level.
                   A        B        C        D        E       F      G
               +--------+--------+--------+--------+--------+-----+--------+
         Total |   6066 |   5905 |    161 |    480 |   3167 |  10 |  606.6 |
       Dungeon |   5570 |   5409 |    161 |    480 |   2979 |   9 |  618.9 |
         Sewer |    495 |    495 |      0 |      0 |    188 |   1 |  495.0 |
               +--------+--------+--------+--------+--------+-----+--------+

Top non-repeatable levels by time:
     D:8: 1250 daAuts
     D:5: 824 daAuts
     D:7: 674 daAuts
     D:1: 644 daAuts
     D:4: 615 daAuts
     D:2: 517 daAuts
     D:3: 509 daAuts
   Sewer: 495 daAuts
     D:6: 429 daAuts
     D:9: 105 daAuts

Table legend:
 A = Kills in this place as a percentage of kills in entire the game.
 B = Kills by you in this place as a percentage of kills by you in the entire game.
 C = Kills by friends in this place as a percentage of kills by friends in the entire game.
 D = Other kills in this place as a percentage of other kills in the entire game.
 E = Experience gained in this place as a percentage of experience gained in the entire game.
 F = Experience gained in this place divided by the number of levels of this place that you have seen.
                   A       B       C       D       E      F
               +-------+-------+-------+-------+-------+----------------------
         Total | 100.0 | 100.0 | 100.0 | 100.0 | 100.0 | 674.0
       Dungeon |  78.3 |  77.6 | 100.0 | 100.0 |  96.9 | 725.6
         Sewer |  21.7 |  22.4 |   0.0 |   0.0 |   3.1 | 210.0
               +-------+-------+-------+-------+-------+----------------------
